 Dungeon Crawl Stone Soup version 0.22.0 (webtiles) character file.

100 BigChef the Poker (level 4, 0/35 HPs)
             Began as a Demonspawn Chaos Knight on Aug 29, 2018.
             Slain by a bullfrog skeleton (1 damage)
             ... on level 3 of the Dungeon.
             The game lasted 00:03:38 (1733 turns).

BigChef the Poker (Demonspawn Chaos Knight)         Turns: 1733, Time: 00:03:39

Health: 0/35       AC:  7    Str: 11    XL:     4   Next: 47%
Magic:  3/3        EV: 11    Int: 13    God:    Xom [..*...]
Gold:   150        SH:  0    Dex: 15    Spells: 3/3 levels left

rFire    . . .     SeeInvis .   a - +0 spear (chaos)
rCold    . . .     Gourm    .   (no shield)
rNeg     . . .     Faith    .   b - +2 leather armour
rPois    .         Spirit   .   (no helmet)
rElec    .         Reflect  .   (no cloak)
rCorr    .         Harm     .   k - +1 pair of gloves
MR       .....     Clarity  +   (no boots)
Stlth    +.........             (no amulet)
HPRegen  0.11/turn              (no ring)
MPRegen  0.08/turn              (no ring)

@: about to teleport
A: talons 1, agile 1, clarity, low mp 1, weak 1
a: Renounce Religion


You were on level 3 of the Dungeon.
You worshipped Xom.
You were a toy of Xom.
You were not hungry.

You visited 1 branch of the dungeon, and saw 3 of its levels.

You collected 150 gold pieces.

Inventory:

Hand Weapons
 a - a +0 spear of chaos (weapon)
Armour
 b - a +2 leather armour (worn)
 k - a +1 pair of gloves (worn)
 l - a cursed +0 cloak
Jewellery
 i - an uncursed ring of ice {unknown}
Scrolls
 d - 4 scrolls of remove curse
 e - 4 scrolls of identify
 f - a scroll of teleportation
 g - a scroll of amnesia
 h - 2 scrolls of enchant weapon
Comestibles
 c - 2 rations


   Skills:
 + Level 3.5 Fighting
 + Level 3.9 Polearms
 + Level 2.2 Armour
 + Level 1.4 Dodging
 + Level 0.6 Stealth


You had 3 spell levels left.
You didn't know any spells.
Your spell library was empty.

Dungeon Overview and Level Annotations

Branches:
Dungeon (3/15)

Altars:
Dithmenos
Fedhas
Gozag
Ru
Uskayaw
Vehumet
Xom


Innate Abilities, Weirdness & Mutations

You have sharp toenails.
You are agile. (Dex +2)
You possess an exceptional clarity of mind.
Your magical capacity is low. (-10% MP)
You are weak. (Str -2)


Message History

Something hits you but does no damage. The worm misses you.
You hit the worm.
The worm goes berserk!
The worm is heavily wounded.
Something hits you. The worm bites you!
It was a potion of mutation.
You feel extremely strange.
You feel weaker.
You feel less energetic.
Your thoughts seem clearer.
You feel agile.
Xom makes a sudden noise!
You hear a voice calling your name.
You hear a shout!
You hear an angry hiss.
You hear a shout!
Something hits you but does no damage.
A goblin comes into view.
The worm bites you!
* * * LOW HITPOINT WARNING * * *
You emit a cloud of colourful smoke!
Something hits you but does no damage. The worm bites you.
* * * LOW HITPOINT WARNING * * *
As you read the scroll of teleportation, it crumbles to dust.
You feel strangely unstable. Something hits you.
You die...

#.######.##
.#.# #.# #.#
...# #.# #.#
..# #.# #.#
..# #.# #.#
#.# #.# #.#
#.# #.# .#
######§###.#
#...g§§w§@.#
#.####§#####
#.# #.# #>.
###


You could see a worm (berserk) and a goblin.

Vanquished Creatures
  A worker ant (D:2)
  3 adders
  2 dart slugs
  A leopard gecko (D:1)
  An orc (D:2)
  6 bats
  4 giant cockroaches
  5 goblins
  7 hobgoblins
  3 frilled lizards
  9 kobolds
  4 rats
46 creatures vanquished.

Notes
Turn   | Place    | Note
-------+----------+-------------------------------------------
     0 | D:1      | BigChef the Demonspawn Chaos Knight began the quest for the Orb.
     0 | D:1      | Reached XP level 1. HP: 18/18 MP: 1/1
     8 | D:1      | XOM: potion effect (agility)
    18 | D:1      | Noticed a komodo dragon
    18 | D:1      | Noticed a tyrant leech
    18 | D:1      | Noticed a soldier ant
    18 | D:1      | Noticed a hell rat
    18 | D:1      | Noticed a frost giant
    76 | D:1      | Gained mutation: You have sharp toenails. [demonic ancestry]
    76 | D:1      | Reached XP level 2. HP: 24/24 MP: 2/2
   419 | D:1      | XOM: cloud trail
   447 | D:1      | XOM: god gift: scroll labeled EROD LOFUOME {god gift}
   477 | D:1      | Reached skill level 1 in Dodging
   511 | D:1      | Reached XP level 3. HP: 29/29 MP: 3/3
   542 | D:1      | XOM: scenery: create altars
   678 | D:2      | Found a radiant altar of Vehumet.
   678 | D:2      | Found a sacrificial altar of Ru.
   679 | D:2      | Found a shadowy altar of Dithmenos.
   875 | D:2      | Found a transporter.
   877 | D:2      | Found a transporter.
   884 | D:2      | Found an opulent altar of Gozag.
   885 | D:2      | Found a blossoming altar of Fedhas.
  1050 | D:2      | XOM: scenery: create altars
  1332 | D:2      | Found a hide-covered altar of Uskayaw.
  1581 | D:2      | Reached XP level 4. HP: 32/35 MP: 4/4
  1729 | D:3      | Gained mutation: You are weak. (Str -2) [potion of mutation]
  1729 | D:3      | Gained mutation: Your magical capacity is low. (-10% MP) [potion of mutation]
  1729 | D:3      | Gained mutation: You possess an exceptional clarity of mind. [potion of mutation]
  1729 | D:3      | Gained mutation: You are agile. (Dex +2) [potion of mutation]
  1729 | D:3      | XOM: noise
  1729 | D:3      | XOM: smoke on damage
  1730 | D:3      | HP: 1/35 [worm (2)]
  1733 | D:3      | Slain by a bullfrog skeleton

Skill      XL: |  1  2 |
---------------+-------+-----
Polearms       | 3 |  3.9
Armour         | 2 |  2.2
Dodging        | 1 |  1.4
Fighting       | |  3.5
Stealth        | |  0.6

Action                   |  1- 3 |  4- 6 || total
-------------------------+-------+-------++-------
Melee: Spear             |   109 |    34 ||   143
       Kick              |    17 |     5 ||    22
  Use: Scroll            |     8 |     1 ||     9
       Potion            |     1 |     1 ||     2
 Stab: Sleeping          |     3 |       ||     3
       Paralysed         |       |     1 ||     1
  Eat: Ration            |     1 |       ||     1
Armor: Leather armour    |    24 |    16 ||    40
Dodge: Dodged            |    47 |    10 ||    57
